 Dungeon Crawl Stone Soup version 0.17.0-1-g61d176b (webtiles) character file.

241 SlimeFever the Distorting Demonspawn (level 5, -1/42 HPs)
             Began as a Demonspawn Abyssal Knight on Nov 7, 2015.
             Was a Believer of Lugonu.
             Slain by SaintRoka's ghost (6 damage)
             ... on level 4 of the Dungeon.
             The game lasted 00:22:36 (2579 turns).

SlimeFever the Distorting Demonspawn (DsAK)         Turns: 2579, Time: 00:22:36

Health: -1/42      AC: 11    Str: 12    XL:     5   Next: 80%
Magic:  8/8        EV: 12    Int: 14    God:    Lugonu [**....]
Gold:   163        SH:  0    Dex: 13    Spells: 0 memorised, 4 levels left

rFire  . . .     SeeInvis .     a - +2 mace
rCold  . . .     Clarity  +     b - +0 leather armour
rNeg   . . .     SustAt   .     (no shield)
rPois  .         Gourm    .     (no helmet)
rElec  .         Spirit   .     t - +1 cloak
rCorr  .         Warding  .     y - +1 pair of gloves
rMut   .         Stasis   .     (no boots)
MR     .....                    d - amulet of clarity
Stlth  +.........               (no ring)
                                (no ring)

@: not resistant to hostile enchantments, very unstealthy
A: hooves 2, iridescent scales 1, berserk 2, blurry vision 1
a: Depart the Abyss, Bend Space, Renounce Religion


You were on level 4 of the Dungeon.
You worshipped Lugonu.
Lugonu was pleased with you.
You were hungry.

You visited 1 branch of the dungeon, and saw 4 of its levels.
You visited the Abyss 1 time.

You collected 163 gold pieces.

Inventory:

Hand Weapons
 a - a +2 mace (weapon)
 o - a +0 flail
Missiles
 l - 18 bolts
Armour
 b - a +0 leather armour (worn)
 t - a +1 cloak (worn)
 y - a +1 pair of gloves (worn)
Jewellery
 d - an amulet of clarity (around neck)
Wands
 p - a wand of digging (12)
Scrolls
 f - a scroll of remove curse
 m - 2 scrolls of identify
 n - a scroll of recharging
 r - a scroll of enchant weapon
Potions
 e - a potion of brilliance
 g - a potion of poison {unknown}
 j - a potion of invisibility
 k - a potion of heal wounds
 q - a potion of haste
 s - a potion of curing {unknown}
 u - a potion of might
Comestibles
 c - 2 bread rations
 h - a slice of pizza


   Skills:
 + Level 3.8 Fighting
 * Level 3.3 Maces & Flails
 + Level 2.2 Armour
 + Level 2.2 Dodging
 + Level 0.4 Stealth
 * Level 4.4 Invocations


You had 4 spell levels left.
You didn't know any spells.

Dungeon Overview and Level Annotations

Branches:
Dungeon (4/15)
 Temple: D:4-7

Altars:
Okawaru

Annotations:
D:4 SaintRoka's ghost, amateur MiAE


Innate Abilities, Weirdness & Mutations

You have hoof-like feet.
You are partially covered in iridescent scales (AC +4).
You often lose your temper in combat.
Scrolls take you a little longer to read.


Message History

SaintRoka's ghost is severely damaged.
SaintRoka's ghost hits you!
* * * LOW HITPOINT WARNING * * *
SaintRoka's ghost hits you!
* * * LOW HITPOINT WARNING * * *
You hit SaintRoka's ghost but do no damage.
SaintRoka's ghost is severely damaged.
SaintRoka's ghost hits you but does no damage.
You hit SaintRoka's ghost but do no damage.
Your kick misses SaintRoka's ghost.
SaintRoka's ghost is severely damaged.
SaintRoka's ghost hits you but does no damage.
You hit SaintRoka's ghost. Your kick misses SaintRoka's ghost.
SaintRoka's ghost is severely damaged.
SaintRoka's ghost screams, "You must not succeed where I failed!"
SaintRoka's ghost hits you but does no damage.
You hit SaintRoka's ghost but do no damage.
SaintRoka's ghost is severely damaged.
SaintRoka's ghost closely misses you. SaintRoka's ghost hits you.
You die...

**,,,,,*,,,,#.......[......
*,*,***,,,,#..............
*,*,***,,,,###########.###
*,,,,******* ########.# *
****** #......#.# * #######
#......#.# * #..W.(#
#...?....#**
#.###.####......###*,
#..W@...........#***,
####..####........#*,
#..#**##.#####.#*<
#....,...# *.#*,
#..#######****,#*,
#..#,*,,,,,,,*,***
#$..,*,,,,,,,,,**
####**,,****,*,,*
*,,,,,,,*,*,,**


You could see SaintRoka's ghost.

Vanquished Creatures
  Ijyb (D:2)
  A centaur skeleton (D:4)
  An orc priest (D:3)
  9 adders
  3 gnolls (D:2)
  An ooze (D:3)
  2 orcs (D:3)
  9 bats
  4 giant cockroaches
  10 hobgoblins
  2 jackals (D:4)
  A quokka (D:2)
  5 goblins
  4 kobolds
  5 rats
58 creatures vanquished.

Notes
Turn   | Place    | Note
--------------------------------------------------------------
     0 | Abyss:1  | SlimeFever the Demonspawn Abyssal Knight began the quest for the Orb.
     0 | Abyss:1  | Reached XP level 1. HP: 18/18 MP: 2/2
     1 | Abyss:1  | Found a corrupted altar of Lugonu.
    14 | D:1      | Escaped the Abyss
   287 | D:1      | Gained mutation: You have large cloven feet. [demonic ancestry]
   287 | D:1      | Reached XP level 2. HP: 22/24 MP: 4/4
  1041 | D:2      | Gained mutation: You are partially covered in iridescent scales (AC +4). [demonic ancestry]
  1041 | D:2      | Reached XP level 3. HP: 24/29 MP: 5/5
  1101 | D:2      | Noticed Ijyb
  1110 | D:2      | Killed Ijyb
  1110 | D:2      | Reached skill level 1 in Dodging
  1226 | D:2      | Found an iron altar of Okawaru.
  1229 | D:2      | Reached ** piety under Lugonu
  1231 | D:2      | Reached XP level 4. HP: 37/37 MP: 6/6
  1500 | D:2      | Gained mutation: You tend to lose your temper in combat. [potion of mutation]
  1500 | D:2      | Gained mutation: Scrolls take you a little longer to read. [potion of mutation]
  1500 | D:2      | Gained mutation: You often lose your temper in combat. [potion of mutation]
  1637 | D:3      | Reached skill level 4 in Invocations
  1748 | D:3      | Gained mutation: You have hoof-like feet. [demonic ancestry]
  1748 | D:3      | Reached XP level 5. HP: 26/42 MP: 8/8
  2519 | D:4      | Noticed SaintRoka's ghost (amateur MiAE)
  2579 | D:4      | Slain by SaintRoka's ghost

Action                   |  1- 3 |  4- 6 || total
-------------------------+-------+-------++-------
Melee: Mace              |    74 |   130 ||   204
Invok: Bend Space        |       |     1 ||     1
  Use: Scroll            |     7 |     7 ||    14
       Potion            |       |     2 ||     2
 Stab: Sleeping          |       |     1 ||     1
  Eat: Meat ration       |       |     1 ||     1
